 Dungeon Crawl Stone Soup version 0.23-a0-261-g133332c (webtiles) character file.

32 RonnieColeman the Conjurer (level 3, -3/21 HPs)
             Began as an Octopode Conjurer on Sept 29, 2018.
             Shot with a stone by a goblin (4 damage)
             ... on level 2 of the Dungeon.
             The game lasted 00:01:55 (690 turns).

RonnieColeman the Conjurer (Octopode Conjurer)       Turns: 690, Time: 00:01:56

Health: -3/21      AC:  1    Str:  7    XL:     3   Next: 25%
Magic:  7/7        EV: 13    Int: 18    God:
Gold:   96         SH:  4    Dex: 12    Spells: 7/8 levels left

rFire    . . .     SeeInvis .   e - +1 short sword
rCold    . . .     Gourm    .   (no shield)
rNeg     . . .     Faith    .   (helmet restricted)
rPois    .         Spirit   .   a - +4 amulet of reflection
rElec    .         Reflect  +   c - ring of stealth
rCorr    .         Harm     .   (no ring)
MR       .....                  (no ring)
Stlth    ++++......             (no ring)
HPRegen  0.07/turn              (no ring)
MPRegen  0.10/turn              (no ring)
                                (no ring)
                                (no ring)

@: no status effects
A: almost no armour, stealthy swim, amphibious, 8 rings, constrict 8, camouflage
1, gelatinous body 1
a: no special abilities


You were on level 2 of the Dungeon.
You were not hungry.

You visited 1 branch of the dungeon, and saw 2 of its levels.

You collected 96 gold pieces.

Inventory:

Hand Weapons
 e - a +1 short sword (weapon)
Jewellery
 a - a +4 amulet of reflection (around mantle)
 c - a ring of stealth (left tentacle)
Scrolls
 d - 4 scrolls of teleportation
 f - a scroll of enchant weapon
 h - a scroll of remove curse {unknown}
 i - a scroll of fog {unknown}
 k - a scroll of blinking {unknown}
Comestibles
 b - 2 rations


   Skills:
 - Level 2.0 Dodging
 - Level 2.6 Stealth
 * Level 3.0 Spellcasting
 + Level 4.3 Conjurations


You had 7 spell levels left.
You knew the following spells:

 Your Spells              Type           Power        Failure   Level  Hunger
a - Magic Dart            Conj           ###.         2%          1    None

Your spell library contained the following spells:

 Spells                   Type           Power        Failure   Level  Hunger
 Searing Ray              Conj           ###...       4%          2    ##.....
 Dazzling Spray           Conj/Hex       ##....       21%         3    ###....
 Iskenderun's Mystic Bla  Conj           ###.....     26%         4    ####...
 Force Lance              Conj/Tloc      ##......     54%         4    ####...
 Fulminant Prism          Conj/Hex       ##........   54%         4    ####...


Dungeon Overview and Level Annotations

Branches:
Dungeon (2/15)

Altars:


Innate Abilities, Weirdness & Mutations

You cannot wear most types of armour.
You are very stealthy in the water. (Stealth+)
You are amphibious.
You can wear up to eight rings at the same time.
You can use your tentacles to constrict eight enemies at once.
Your skin changes colour to match your surroundings (Stealth+).
Your rubbery body absorbs attacks. (AC +1, EV +1)


Message History

You hit the giant cockroach but do no damage.
You grab the giant cockroach.
You constrict the giant cockroach, but do no damage.
The giant cockroach bites you. x2
You hit the giant cockroach but do no damage.
Your squeeze misses the giant cockroach.
You constrict the giant cockroach, but do no damage.
The goblin shoots a stone.
The stone hits you.
The giant cockroach bites you but does no damage.
You hit the giant cockroach.
The giant cockroach is heavily wounded.
You constrict the giant cockroach.
The goblin shoots a stone.
You reflect the stone off an invisible shield around you!
The stone closely misses the goblin.
The giant cockroach barely misses you.
You hit the giant cockroach.
You kill the giant cockroach!
The goblin shoots a stone.
The stone hits you!
* * * LOW HITPOINT WARNING * * *
The goblin shoots a stone.
The stone hits you.
You die...

..<... .....(.......
.#..... ............
........###..........#
#..........#.g....(.>.#
#....................#
#..)...........g.....##
..........#...(......#
......<#.(#..(.......#
#....@S.(.........#
#####...##..(.........
#.....<...#...%.......
#......†..##..........
#.....................
#...##.....####...####.
..## ##.##.# ..## #
..##.# ### #.###..


You could see an adder and a goblin.

Vanquished Creatures
  An ooze (D:1)
  2 dart slugs (D:1)
  4 giant cockroaches
  2 hobgoblins
  6 bats
  2 frilled lizards (D:1)
  2 goblins (D:1)
  2 kobolds
  2 rats (D:1)
23 creatures vanquished.

Vanquished Creatures (others)
  5 toadstools (D:1)
5 creatures vanquished.

Grand Total: 28 creatures vanquished

Notes
Turn   | Place    | Note
-------+----------+-------------------------------------------
     0 | D:1      | RonnieColeman the Octopode Conjurer began the quest for the
                  | Orb.
     0 | D:1      | Reached XP level 1. HP: 11/11 MP: 3/3
   227 | D:1      | Reached XP level 2. HP: 17/17 MP: 3/5
   519 | D:1      | Reached XP level 3. HP: 21/21 MP: 7/7
   689 | D:2      | HP: 1/21 [goblin/stone (9)]
   690 | D:2      | Shot with a stone by a goblin

Vault maps used:
D:1:      ldierk_walled_garden, minivault_19
D:2:      bloody_trog, first_ration, serial_bayou_lagoon_a

Skill      XL: |  1  2  3 |
---------------+----------+-----
Spellcasting   | 3 |  3.0
Dodging        | |  2.0
Stealth        | |  2.6
Conjurations   | |  4.3

Action                   || total
-------------------------++-------
Melee: Short sword       ||    37
       Tentacles         ||    10
       Unarmed           ||     3
       Constrict         ||    13
  Use: Scroll            ||     3
 Stab: Sleeping          ||    10
Armor: Skin              ||     8
Dodge: Dodged            ||    15
Block: Other             ||     6
       Reflection        ||     2

Table legend:
 A = Non-vault XP
 B = Vault XP
 C = Vault XP percentage of total XP
 D = Non-vault monster count
 E = Vault monster count
 F = Vault count percentage of total count
                 A         B        C        D         E       F
            +---------+---------+-------+---------+---------+-------
      Total |      46 |       0 |   0.0 |      23 |       0 |   0.0
            +---------+---------+-------+---------+---------+-------
        D:1 |      36 |       0 |   0.0 |      18 |       0 |   0.0
        D:2 |      10 |       0 |   0.0 |       5 |       0 |   0.0
            +---------+---------+-------+---------+---------+-------
